 Dungeon Crawl Stone Soup version 0.30.1 (webtiles) character file.

Game seed: 16281967168748512979

98 Ioian the Trooper (level 4, -6/50 HPs)
             Began as an Ogre Hunter on May 19, 2023.
             Mangled by a hell rat (14 damage)
             ... in a sewer on July 5, 2023.
             The game lasted 00:16:36 (1614 turns).

Ioian the Trooper (Ogre Hunter)                     Turns: 1614, Time: 00:16:37

Health: -6/50      AC:  3    Str: 19    XL:     4   Next: 71%
Magic:  6/6        EV: 10    Int: 11    God:
Gold:   82         SH:  0    Dex: 11    Spells: 6/6 levels left

rFire   + . .        a - +0 shortbow
rCold   + + .        (shield currently unavailable)
rNeg    . . .        c - +0 robe
rPois   +            (helmet restricted)
rElec   +            (no cloak)
rCorr   +            (gloves unavailable)
SInv    .            (boots unavailable)
Will    .....        (no amulet)
Stlth   +            (no ring)
HPRegen 0.28/turn    (no ring)
MPRegen 0.10/turn

%: no passive effects
@: resistant, hasted, invisible, very quick
A: large, unfitting armour, tough skin 1, cold resistance 1, strong 1
a: no special abilities


You were in a sewer.
You visited 1 branch of the dungeon, and saw 3 of its levels.
You also visited: Sewer.

You collected 82 gold pieces.

Inventory:

Hand Weapons
 a - a +0 shortbow (weapon)
 h - a +0 mace
 k - a +3 falchion
Missiles
 f - 5 javelins
Armour
 c - a +0 robe (worn)
Scrolls
 b - a scroll of immolation
 e - 2 scrolls of magic mapping {unknown}
 g - a scroll of fear {unknown}
 i - 3 scrolls of identify {unknown}
 j - a scroll of brand weapon {unknown}
 o - a scroll of teleportation {unknown}
 r - a scroll of poison {unknown}
Potions
 p - a potion of heal wounds {unknown}
 q - a potion of curing {unknown}


   Skills:
 - Level 5.1 Fighting
 - Level 2.9 Ranged Weapons
 + Level 1.5 Throwing
 - Level 1.7 Dodging
 - Level 0.6 Stealth
 * Level 1.5 Spellcasting
 + Level 0.5 Air Magic


You had 6 spell levels left.
You didn't know any spells.
Your spell library contained the following spells:

 Spells                   Type           Power      Damage    Failure   Level
 Shock                    Conj/Air       4%         1d3       28%         1
 Swiftness                Air            2%         N/A       58%         3
 Airstrike                Air            1%         2d(1-17)  94%         4


Dungeon Overview and Level Annotations

Branches:
Dungeon (3/15)              Sewer (1/1)

Altars:
Trog


Innate Abilities, Weirdness & Mutations

You are too large for most types of armour.
You have tough skin. (AC +1)
Your flesh is cold resistant. (rC+)
Your muscles are strong. (Str +4, Int/Dex -1)


Message History

Aim: a hell rat (60% to hit)
You shoot an arrow.
The arrow hits the hell rat but does no damage.
The hell rat bites you. The hell rat closely misses you.
Fire: a) +0 shortbow
Press: ? - help, Q - select action, (/) - cycle Shift-Dir - straight line, f/p - hell rat
Aim: a hell rat (60% to hit)
You shoot an arrow. The arrow hits the hell rat.
The hell rat is lightly wounded.
The hell rat bites you.
Fire: a) +0 shortbow
Press: ? - help, Q - select action, (/) - cycle Shift-Dir - straight line, f/p - hell rat
Aim: a hell rat (lightly wounded, 60% to hit)
You shoot an arrow. The arrow barely misses the hell rat.
The hell rat barely misses you. x2
Fire: a) +0 shortbow
Press: ? - help, Q - select action, (/) - cycle Shift-Dir - straight line, f/p - hell rat
Aim: a hell rat (lightly wounded, 60% to hit)
You shoot an arrow. The arrow barely misses the hell rat.
The hell rat bites you! x2
* * * LOW HITPOINT WARNING * * *
Okay, then.
Okay, then.
It was a potion of haste.
You feel yourself speed up. The hell rat bites you!
* * * LOW HITPOINT WARNING * * *
You enter the shallow water.
It was a potion of mutation.
You feel extremely strange.
You feel stronger.
You feel resistant to cold.
It was a potion of resistance.
You feel protected.
It was a potion of invisibility.
You fade into invisibility!
You shoot an arrow. The arrow hits the hell rat.
The hell rat is moderately wounded.
The hell rat closely misses you.
You shoot an arrow.
The arrow hits the hell rat but does no damage.
The hell rat is moderately wounded.
The hell rat bites you!
You die...

#~~~#.~.#..~#
#.~##?.~##~~#
#~~#$?~~.#~~#
#∩∩#∩!~~~'~~#
#~.#$?~~.#~.#
#..##!~~##.~#
#~~~#~~~#~.~#
##~~##~##r~##
#~~†###~@~#
#....~~.##
#.~...~.#
###..~###
#####


You could see a hell rat (unable to see you).

Vanquished Creatures
  3 adders
  2 river rats
  2 dart slugs (D:1)
  5 ball pythons
  7 endoplasms
  3 giant cockroaches
  2 goblins
  7 hobgoblins
  5 kobolds (D:1)
  A quokka (D:1)
  A bat (D:1)
  5 frilled lizards
  8 rats
51 creatures vanquished.

Notes
Turn   | Place    | Note
-------+----------+-------------------------------------------
     0 | D:1      | Ioian the Ogre Hunter began the quest for the Orb.
     0 | D:1      | Reached XP level 1. HP: 22/22 MP: 1/1
     0 | D:1      | Upgraded the game from 0.30.0-15-g856e2d3f33 to 0.30.1
    21 | D:1      | Reached skill level 3 in Fighting
    40 | D:1      | Reached XP level 2. HP: 27/32 MP: 2/2
    97 | D:1      | Reached skill level 4 in Fighting
   195 | D:1      | Reached XP level 3. HP: 40/40 MP: 3/3
   878 | D:2      | Reached skill level 5 in Fighting
   939 | D:2      | Found a faded altar of an unknown god.
  1088 | D:2      | Reached skill level 1 in Throwing
  1088 | D:2      | Reached XP level 4. HP: 33/50 MP: 4/4
  1301 | D:2      | Found a bloodstained altar of Trog.
  1346 | D:2      | You fall into a shaft and drop 1 floor!
  1414 | D:3      | Found a glowing drain.
  1469 | D:3      | Reached skill level 1 in Spellcasting
  1539 | Sewer    | Entered a sewer
  1607 | Sewer    | Gained mutation: Your muscles are strong. (Str +4, Int/Dex
                  | -1) [potion of mutation]
  1607 | Sewer    | Gained mutation: Your flesh is cold resistant. (rC+)
                  | [potion of mutation]
  1614 | Sewer    | Mangled by a hell rat

Illustrated notes

Levels and vault maps discovered:
D:1:      saegor_arrival_simple_e, layout_basic
D:2:      layout_loops_corners, basic_altar, ebering_ecumenical_altar_box
D:3:      layout_rooms, jmf_multi_god_temple, nicolae_overflow_hidden_temple,
          gammafunk_temple_overflow_elements, portal_sewer_entry_c,
          hangedman_decor_slide_cut, minmay_circle_x, uniq_natasha
Sewer:    sewer_hellmonk_bad_rat

Skill      XL: |  1  2  3  4 |
---------------+-------------+-----
Fighting       | 3 4 5 |  5.1
Throwing       | 1 |  1.5
Spellcasting   | 1 |  1.5
Ranged Weapons | |  2.9
Dodging        | |  1.7
Stealth        | |  0.6
Air Magic      | |  0.5

Action                     |  1- 3 |  4- 6 || total
---------------------------+-------+-------++-------
   Fire: Shortbow          |    92 |    63 ||   155
    Use: Potion            |       |     4 ||     4
 Armour: Robe              |    14 |    11 ||    25
  Dodge: Dodged            |    20 |    25 ||    45
